AoeStats
← 伐伐伐伐伐木工

Baltic

510319013Analyzed
4v4 RM · 17h ago on Sep 30, 2026· 40m 48s· 8 players
Game mode
Random Map
Map size
Large (8 player)
Population
200
Speed
Normal
Resources
Standard
Victory
Conquest
Starting age
Dark Age
Ending age
Imperial Age
RankedLock teamsTeams togetherTeam positionsShared explorationLock speedFull tech treeHidden civsTurbo modeCheats
Victory
Defeat
🇭🇰 Varangians · Hong Kong SAR China
1132
+14
🇨🇳 Spanish · China
1128
+14
🇹🇼 Wu · Taiwan
1077
+16
🇭🇰 Franks · Hong Kong SAR China
1055
+16
🇪🇸 Franks · Spain
1165
-20
🇫🇷 Huns · France
1086
-15
🇫🇷 Persians · France
1063
-14
🇫🇷 Vikings · France
983
-11
Baziz
2:47 Loom
10:40 Feudal Age
14:41 Loom
16:11 Double-Bit Axe
20:18 Castle Age
22:48 Medium Warships
25:15 Careening
25:54 Wheelbarrow
25:47 Bow Saw
26:43 Clinker Construction
26:33 Gold Mining
28:38 Scale Barding Armor
29:31 Bloodlines
32:57 Stone Mining
36:16 Imperial Age
35:03 Husbandry
35:27 Chain Barding Armor
36:05 Forging
36:15 Hand Cart
36:06 Cavalier
39:06 Plate Barding Armor
40:42 Iron Casting
40:47 Horse Collar
Naua
3:15 Loom
11:25 Feudal Age
11:53 Double-Bit Axe
12:54 Wheelbarrow
20:17 Castle Age
18:57 Forging
19:48 Scale Barding Armor
21:29 Bow Saw
20:44 Light Cavalry
21:25 Husbandry
23:34 Chain Barding Armor
24:13 Gold Mining
27:17 Hand Cart
28:19 Iron Casting
36:07 Fletching
40:37 Bodkin Arrow
francis le tueur
13:13 Feudal Age
14:33 Fishing Lines
14:41 Double-Bit Axe
17:35 Castle Age
15:34 Gold Mining
19:32 Wheelbarrow
19:12 Bow Saw
18:57 Gillnets
24:49 Gold Shaft Mining
25:30 Fletching
25:41 Padded Archer Armor
27:15 Bodkin Arrow
27:35 Leather Archer Armor
27:26 Husbandry
27:37 Bloodlines
29:51 Ballistics
30:03 Caravan
42:41 Imperial Age
40:01 Town Watch
WyZeR
0:29 Loom
15:01 Feudal Age
16:04 Fishing Lines
17:40 Town Watch
21:09 Castle Age
19:24 Double-Bit Axe
19:33 Stone Mining
19:36 Gold Mining
21:19 Fletching
21:58 Town Patrol
23:39 Bodkin Arrow
29:22 Padded Archer Armor
30:38 Forging
30:39 Scale Mail Armor
30:52 Caravan
34:51 Iron Casting
TawdryCorn6602
12:32 Feudal Age
15:09 Double-Bit Axe
15:43 Fletching
15:53 Padded Archer Armor
16:29 Fishing Lines
17:10 Gold Mining
17:02 Horse Collar
21:15 Castle Age
21:29 Stone Mining
22:12 Gillnets
23:43 Bow Saw
25:49 Heavy Plow
25:51 Crossbowman
26:28 Bodkin Arrow
26:48 Leather Archer Armor
30:36 Wheelbarrow
29:46 Loom
29:47 Town Watch
32:07 Hand Cart
34:34 Town Patrol
35:11 Masonry
34:58 Murder Holes
35:23 Ballistics
37:35 Imperial Age
36:25 Squires
36:11 Arson
36:38 Forging
36:28 Scale Mail Armor
39:53 Chemistry
38:55 Bracer
40:28 Elite Fire Archer
建興法師
6:58 Loom
13:15 Feudal Age
17:35 Castle Age
17:09 Double-Bit Axe
18:56 Scale Barding Armor
21:55 Chain Barding Armor
22:33 Husbandry
27:26 Wheelbarrow
32:46 Imperial Age
31:15 Forging
33:14 Iron Casting
32:54 Cavalier
34:39 Plate Barding Armor
37:00 Blast Furnace
36:17 Hand Cart
39:29 Paladin
41:24 Scale Mail Armor
伐伐伐伐伐木工
11:25 Feudal Age
12:27 Double-Bit Axe
14:08 Loom
17:10 Castle Age
15:23 Gold Mining
15:22 Horse Collar
17:04 Fishing Lines
18:11 Bow Saw
19:11 Wheelbarrow
18:31 Fletching
20:25 Hand Cart
23:05 Bodkin Arrow
24:51 Ballistics
30:20 Imperial Age
30:10 Treadmill Crane
30:49 Stone Mining
31:13 Town Watch
33:09 Elite Longship
34:46 Medium Warships
35:03 Bracer
37:38 Chemistry
38:16 Scale Mail Armor
38:27 Forging
38:21 Gillnets
41:25 Two-Man Saw
41:02 Squires
40:48 Arson
41:30 Chain Mail Armor
41:51 Iron Casting
40:45 Elite Varangian Guard
脖子右拧
11:40 Feudal Age
18:07 Castle Age
17:04 Double-Bit Axe
17:12 Gold Mining
17:04 Horse Collar
30:24 Fletching
30:37 Padded Archer Armor
31:08 Bloodlines
31:39 Husbandry
Connection lost

Rejoining the realm…

Still unreachable

The connection could not be restored.

Session expired

The server has moved on; the page needs a fresh start.